cohdb
Replays
Latest Replays
All Replays
Popular Replays
Top Player Replays
Match Explorer
How It Works
Community
CoH3 Stats
Reddit
Sign in to upload your games and track your stats! →
Sign in with Steam
Match 42383727
Unlisted
Match 42383727
Overview
Messages
Build Orders
End
Panzergrenadier Squad
250 Light Carrier
Panzergrenadier Squad
Panzergrenadier Squad
Construct Light Support Kompanie
Fire Support Elements
Flakvierling Half-track
Panzerjäger Squad
Selects Panzerjäger Kommand Battlegroup
Selects Mine Fields
Selects Defensive Positions
2.5-tonne Medical Truck
Selects Tank Busters
Vehicle Survival Package
Construct Panzerarmee Kommand
Selects Butterfly Bomb Drop
Panzerjäger Squad
Butterfly Bomb Drop
Walking Stuka Rocket Launcher
Butterfly Bomb Drop
Selects Crew Shock Tactics
Emergency Repair Kits
Butterfly Bomb Drop
Walking Stuka Rocket Launcher
Flak 36 Anti-tank Gun Team
Tungsten Core Ammunition
Selects Anti-tank Overwatch
Armored Reserves
Butterfly Bomb Drop
Panzergrenadier Squad
Tiger Heavy Tank
Butterfly Bomb Drop
Walking Stuka Rocket Launcher
Butterfly Bomb Drop
zaro
Dark Angels
1st SubStar
Jaremir
0
0
Comments
sign in to comment!
No comments posted yet!